 Dungeon Crawl Stone Soup version 0.31-b1-18-g61460d1e46 (webtiles) character file.

Game seed: 5275483119434250899

37 NamelessAdventurer the Shooter (level 3, 0/27 HPs)
             Began as a Human Hunter on Jan 16, 2024.
             Slain by a goblin
             ... wielding a +0 club
             ... led by Robin
              (3 damage)
             ... on level 3 of the Dungeon.
             The game lasted 00:03:26 (487 turns).

NamelessAdventurer the Shooter (Human Hunter)        Turns: 487, Time: 00:03:27

Health: 0/27       AC:  3    Str: 11    XL:     3   Next: 39%
Magic:  3/3        EV: 12    Int: 11    God:
Gold:   67         SH:  0    Dex: 16    Spells: 2/2 levels left

rFire   . . .        a - +0 shortbow
rCold   . . .        (shield currently unavailable)
rNeg    . . .        c - +0 leather armour
rPois   .            (no helmet)
rElec   .            (no cloak)
rCorr   .            (no gloves)
SInv    .            (no boots)
Will    .....        (no amulet)
Stlth   ++           (no ring)
HPRegen 0.24/turn    (no ring)
MPRegen 0.08/turn

%: no passive effects
@: on berserk cooldown, hasted, very quick
A: explore regen
a: no special abilities


You were on level 3 of the Dungeon.
You visited 1 branch of the dungeon, and saw 3 of its levels.

You collected 67 gold pieces.

Inventory:

Hand Weapons
 a - a +0 shortbow (weapon)
 i - a +0 short sword
Armour
 c - a +0 leather armour (worn)
Talismans
 d - a granite talisman


   Skills:
 * Level 2.1 Fighting
 * Level 0.2 Short Blades
 * Level 4.5 Ranged Weapons
 * Level 0.5 Armour
 * Level 2.2 Dodging
 * Level 1.2 Stealth
 * Level 0.2 Spellcasting
 * Level 0.2 Shapeshifting


You had 2 spell levels left.
You didn't know any spells.
Your spell library was empty.

Dungeon Overview and Level Annotations

Branches:
Dungeon (3/15)

Altars:

Annotations:
D:3 Robin


Innate Abilities, Weirdness & Mutations

You regain HP and MP as you explore.


Message History

Your butterfly disappears in a burst of colours! x2
The gnoll closely misses your butterfly.
The goblin completely misses your butterfly.
The gnoll hits your butterfly with a +0 club.
Your butterfly dies!
Your butterfly disappears in a burst of colours!
You swap places.
The goblin hits your butterfly with a +0 dagger.
Your butterfly dies!
Your butterfly disappears in a burst of colours!
Your butterfly disappears in a burst of colours! x2
The goblin misses your butterfly.
Fire: a) +0 shortbow
Press: ? - help, Q - select action Shift-Dir - straight line, f - goblin
Aim: a goblin, wielding a +0 club (56% to hit)
Okay, then.
You shoot an arrow. The arrow hits the goblin.
The goblin is moderately wounded.
Your butterfly disappears in a burst of colours! x2
The goblin barely misses you.
You shoot an arrow. The arrow barely misses the goblin.
Your butterfly disappears in a burst of colours! x2
The gnoll hits you with a +0 club. The goblin misses you.
The gnoll hits you with a +0 club.
* * * LOW HITPOINT WARNING * * *
The goblin hits you with a +0 club.
* * * LOW HITPOINT WARNING * * *
Your butterfly disappears in a burst of colours! x4
The goblin hits you but does no damage. The gnoll hits you with a +0 club.
* * * LOW HITPOINT WARNING * * *
Your butterfly disappears in a burst of colours!
Your butterfly disappears in a burst of colours!
The goblin closely misses you.
It was a potion of haste.
You feel yourself speed up.
You feel yourself speed up.
Your butterfly disappears in a burst of colours!
The goblin hits you with a +0 dagger.
* * * LOW HITPOINT WARNING * * *
The goblin hits you with a +0 club.
You die...

...............>.
#.........#<...
#.###.....#.#.#
#.###.....#.#.#
#..<......#.#.#
#.........###...#
####....[.#.....#
........#..g..#
##.........gg@.#
#.........###.......
#.###..(#.# .....##
.. #..###.# .....#
...# #.# ....## ####
#.# ....# #.. .....
### ......


You could see a gnoll and 2 goblins.

Vanquished Creatures
  An adder (D:2)
  A gnoll (D:3)
  A dart slug (D:1)
  2 endoplasms (D:1)
  3 giant cockroaches
  A ball python (D:3)
  3 bats
  2 goblins (D:3)
  A kobold (D:3)
  2 rats (D:1)
17 creatures vanquished.

Notes
Turn   | Place    | Note
-------+----------+-------------------------------------------
     0 | D:1      | NamelessAdventurer the Human Hunter began the quest for the
                  | Orb.
     0 | D:1      | Reached XP level 1. HP: 16/16 MP: 1/1
   183 | D:1      | Reached XP level 2. HP: 22/22 MP: 2/2
   389 | D:2      | Reached XP level 3. HP: 27/27 MP: 3/3
   448 | D:3      | Noticed Robin
   455 | D:3      | HP: 1/27 [gnoll/+0 club (3)]
   487 | D:3      | Slain by a goblin

Illustrated notes

Levels and vault maps discovered:
D:1:      pf_arrival_petrified_forest, layout_loops_corners
D:2:      layout_rooms, hellmonk_ecumenical_altar_lost_god, minmay_tetromino_s2,
          uniq_natasha
D:3:      layout_basic, lemuel_coloured_pillars_altar,
          dreamdust_princess_bridge, uniq_robin

Action                     || total
---------------------------++-------
   Fire: Shortbow          ||    57
Ability: Begin Untransform ||     1
    Use: Potion            ||     3
         Scroll            ||     2
 Armour: Leather armour    ||    29
         Skin              ||     3
  Dodge: Dodged            ||    34
   Form: Statue            ||     1
